 Dungeon Crawl Stone Soup version 0.30.0-5-g1a98f26d00 (webtiles) character file.

Game seed: 16507872270392227951

8 monsoonserge the Caller (level 2, 0/15 HPs)
             Began as a Tengu Summoner on May 10, 2023.
             Slain by a gnoll
             ... wielding a +0 club
              (7 damage)
             ... on level 1 of the Dungeon.
             The game lasted 00:01:43 (264 turns).

monsoonserge the Caller (Tengu Summoner)             Turns: 264, Time: 00:01:43

Health: 0/15       AC:  2    Str:  8    XL:     2   Next: 8%
Magic:  5/6        EV: 12    Int: 15    God:
Gold:   35         SH:  0    Dex: 14    Spells: 4/5 levels left

rFire   . . .        d - +0 dagger
rCold   . . .        (no shield)
rNeg    . . .        a - +0 robe
rPois   .            (helmet restricted)
rElec   .            (no cloak)
rCorr   .            (no gloves)
SInv    .            (boots unavailable)
Will    .....        (no amulet)
Stlth   ++           (no ring)
HPRegen 0.22/turn    (no ring)
MPRegen 0.10/turn

%: no passive effects
@: no status effects
A: beak, talons 3
a: no special abilities


You were on level 1 of the Dungeon.
You visited 1 branch of the dungeon, and saw 1 of its levels.

You collected 35 gold pieces.

Inventory:

Hand Weapons
 d - a +0 dagger (weapon)
Missiles
 c - 7 stones
Armour
 a - a +0 robe (worn)
Potions
 b - a potion of magic
 e - a potion of curing {unknown}


   Skills:
 + Level 2.2 Dodging
 + Level 2.1 Stealth
 - Level 2.0 Spellcasting
 + Level 5.2 Summonings


You had 4 spell levels left.
You knew the following spells:

 Your Spells              Type           Power      Damage    Failure   Level
a - Summon Small Mammal   Summ           68%        N/A       2%          1

Your spell library contained the following spells:

 Spells                   Type           Power      Damage    Failure   Level
 Call Imp                 Summ           34%        N/A       3%          2
 Call Canine Familiar     Summ           17%        N/A       8%          3
 Summon Guardian Golem    Hex/Summ       9%         N/A       22%         3
 Summon Lightning Spire   Summ/Air       9%         N/A       58%         4


Dungeon Overview and Level Annotations

Branches:
Dungeon (1/15)

Altars:


Innate Abilities, Weirdness & Mutations

You have a beak for a mouth.
You have claws for feet.


Message History

The gnoll is moderately wounded.
Your bat closely misses the gnoll.
Your bat hits the gnoll but does no damage.
The gnoll misses you.
Your bat barely misses the gnoll.
You hit the gnoll but do no damage. You claw the gnoll, but do no damage.
You peck the gnoll, but do no damage.
The gnoll is moderately wounded.
Your bat barely misses the gnoll. x2; The gnoll hits you with a +0 club.
Your bat barely misses the gnoll.
You barely miss the gnoll. Your kick misses the gnoll.
You peck the gnoll, but do no damage. You punch the gnoll.
The gnoll is moderately wounded.
Your bat misses the gnoll.
Your bat hits the gnoll but does no damage.
The gnoll closely misses you.
Your bat hits the gnoll but does no damage.
You hit the gnoll. Your peck misses the gnoll.
The gnoll is heavily wounded.
Your bat hits the gnoll but does no damage.
Your bat closely misses the gnoll.
The gnoll hits you but does no damage.
Your bat barely misses the gnoll.
You hit the gnoll. You peck the gnoll.
The gnoll is severely wounded.
Your bat hits the gnoll but does no damage. x2
The gnoll misses you.
You hit the gnoll but do no damage.
The gnoll is severely wounded.
Your bat closely misses the gnoll.
Your bat misses the gnoll. The gnoll barely misses you.
Your bat hits the gnoll but does no damage.
You barely miss the gnoll.
The gnoll is severely wounded.
Your bat hits the gnoll but does no damage.
Your bat hits the gnoll. The gnoll completely misses your bat.
Your bat barely misses the gnoll.
You hit the gnoll.
The gnoll is almost dead.
Your bat barely misses the gnoll.
Your bat closely misses the gnoll.
The gnoll hits you with a +0 club!
You die...
PP

♣..P♣.P.#
#.##.##.#######
...P...PP..#
#.##.##.#
.....^P...##
#.##.##.#
.........^.#
#.##.##.#
.⌠......PP.#
#.##.##..
##.P..P.♣PP#
#.##.##..
##...♣PPP.#
#.##.##.#
#.##.. #@# #
#g##.##.##
#b.)......
####......
##.##


You could see a gnoll (ally target) and a friendly bat (summoned).

Vanquished Creatures
  An endoplasm (D:1)
  2 goblins (D:1)
  A kobold (D:1)
4 creatures vanquished.

Vanquished Creatures (collateral kills)
  A hobgoblin (D:1)
  A bat (D:1)
  2 kobolds (D:1)
4 creatures vanquished.

Grand Total: 8 creatures vanquished

Notes
Turn   | Place    | Note
-------+----------+-------------------------------------------
     0 | D:1      | monsoonserge the Tengu Summoner began the quest for the
                  | Orb.
     0 | D:1      | Reached XP level 1. HP: 10/10 MP: 4/4
   147 | D:1      | Reached skill level 5 in Summonings
   246 | D:1      | Reached XP level 2. HP: 11/15 MP: 6/6
   264 | D:1      | Slain by a gnoll

Illustrated notes

Levels and vault maps discovered:
D:1:      spicycebolla_arrival_clurvy, layout_loops_ring

Skill      XL: |  1 |
---------------+----+-----
Summonings     | 5 |  5.2
Dodging        | |  2.2
Stealth        | |  2.1
Spellcasting   | |  2.0

Action                     || total
---------------------------++-------
  Melee: Dagger            ||    26
         Unarmed           ||     4
         Kick              ||     4
         Peck              ||     7
         Punch             ||     1
   Cast: Summon Small Mamm ||    10
   Stab: Sleeping          ||     1
 Armour: Robe              ||     3
  Dodge: Dodged            ||    15
